 Dungeon Crawl Stone Soup version 0.28.0-62-gf88900778d (webtiles) character file.

Game seed: 15386138074638093429

40675 cbfl8 the Severer (level 13, -13/122 HPs)
             Began as a Minotaur Berserker on June 6, 2023.
             Was a High Priest of Trog.
             Mangled by a skeletal warrior
             ... wielding a +0 halberd
             ... led by a skeletal warrior
              (21 damage)
             ... on level 14 of the Dungeon.
             The game lasted 00:16:19 (15552 turns).

cbfl8 the Severer (Minotaur Berserker)             Turns: 15552, Time: 00:16:19

Health: -13/122    AC: 25    Str: 34    XL:     13   Next: 75%
Magic:  12/12      EV: 14    Int:  4    God:    Trog [*****.]
Gold:   617        SH:  8    Dex: 22    Spells: 12/12 levels left

rFire   x . .      SeeInvis .   L - +4 broad axe (elec)
rCold   . . .      Faith    .   a - +1 buckler
rNeg    . . .      Spirit   .   D - +0 plate armour
rPois   .          Reflect  .   O - +2 hat
rElec   +          Harm     .   h - +2 cloak
rCorr   +          Rampage  .   C - +1 pair of gloves of Noagh {rElec Dex+4 Slay+5}
Will    .....                   g - +2 pair of boots
Stlth   ..........              (no amulet)
HPRegen 0.30/turn               P - ring of Maobo {rF- rCorr Str+7 Dex+2}
MPRegen 0.13/turn               Q - +6 ring of strength

@: on berserk cooldown, slowed, very slow
A: horns 2, retaliatory headbutt
a: Renounce Religion, Berserk, Trog's Hand, Brothers in Arms


You were on level 14 of the Dungeon.
You worshipped Trog.
Trog was extremely pleased with you.
You visited 1 branch of the dungeon, and saw 14 of its levels.

You collected 1222 gold pieces.
You spent 605 gold pieces at shops.

Inventory:

Hand Weapons
 I - a +2 war axe of flaming
 L - a +4 broad axe of electrocution (weapon)
Armour
 a - a +1 buckler (worn)
 g - a +2 pair of boots (worn)
 h - a +2 cloak (worn)
 C - the +1 pair of gloves of Noagh (worn) {rElec Dex+4 Slay+5}
   (You found it on level 6 of the Dungeon)

   Dex:       It affects your dexterity (+4).
   Slay:      It affects your accuracy & damage with ranged weapons and melee
   (+5).
   rElec:     It insulates you from electricity.
 D - a +0 plate armour (worn)
 O - a +2 hat (worn)
Jewellery
 f - a ring of positive energy
 k - a ring of flight
 P - the ring of Maobo (left hand) {rF- rCorr Str+7 Dex+2}
   (You took it off a yaktaur captain on level 12 of the Dungeon)

   [ring of resist corrosion]

   Str:       It affects your strength (+7).
   Dex:       It affects your dexterity (+2).
   rF:        It makes you vulnerable to fire.
   rCorr:     It protects you from acid and corrosion.
 Q - a +6 ring of strength (right hand)
Wands
 e - a wand of digging (9)
 m - a wand of mindburst (3)
 A - a wand of iceblast (1)
 M - a wand of paralysis (2) (quivered)
Scrolls
 d - a scroll of fear
 s - 2 scrolls of holy word
 t - a scroll of silence
 v - 2 scrolls of blinking
 w - 5 scrolls of teleportation
 x - 3 scrolls of fog
 B - 8 scrolls of immolation
 J - 3 scrolls of noise
 K - 3 scrolls of magic mapping
Potions
 c - 2 potions of magic {unknown}
 i - 2 potions of flight {unknown}
 j - 2 potions of mutation {unknown}
 n - 3 potions of lignification {unknown}
 o - a potion of might {unknown}
 p - 9 potions of curing
 q - 2 potions of heal wounds {unknown}
 u - a potion of resistance
 z - 3 potions of degeneration {unknown}
 F - a potion of brilliance {unknown}
 G - a potion of cancellation {unknown}
 H - 2 potions of haste {unknown}
 N - a potion of berserk rage {unknown}


   Skills:
 * Level 13.3 Fighting
 + Level 15.6 Axes
 + Level 10.1 Armour
 * Level 9.5 Dodging
 + Level 4.3 Stealth
 * Level 9.4 Shields
 * Level 8.4 Evocations


You had 12 spell levels left.
You didn't know any spells.
Your spell library was empty.

Dungeon Overview and Level Annotations

Branches:
Dungeon (14/15)            Temple (0/1) D:4            Lair (0/6) D:8
    Orc (0/2) D:11         Vaults (0/5) D:13

Altars:
Ashenzari
Cheibriados
Elyvilon
Gozag
Hepliaklqana
Kikubaaqudgha
Makhleb
Okawaru
Ru
Trog
Uskayaw
Zin

Shops:
D:4 =([(*   D:7 (   D:8 :*?   D:10 *[*   D:11 [(

Annotations:
D:8 6 transporters


Innate Abilities, Weirdness & Mutations

You have a pair of horns on your head.
You reflexively headbutt those who attack you in melee.


Message History

The death knight hits you with a +0 glaive.
The skeletal warrior closely misses you.
You are too injured to fight recklessly!
Unknown command.
You are too injured to fight recklessly!
Unknown command.
You are too injured to fight recklessly!
You barely miss the skeletal warrior.
The skeletal warrior is almost destroyed.
You closely miss the death knight.
You block the skeletal warrior's attack.
A phantasmal warrior comes into view.
The death knight hits you with a +0 glaive!
You block the skeletal warrior's attack. x2
You slash the skeletal warrior!
Lightning courses through the skeletal warrior!
You destroy the skeletal warrior!
Trog accepts your kill.
Trog will now gift you melee weapons as you gain piety.
You hit the death knight.
The death knight reflects your damage back at you!
The skeletal warrior hits you from afar with a +0 halberd!
You are no longer berserk.
You are exhausted.
You feel yourself slow down.
The death knight's dark mirror aura disappears.
The death knight hits you from afar with a +0 glaive!
* * * LOW HITPOINT WARNING * * *
The death knight hits you but does no damage.
The skeletal warrior hits you from afar with a +0 glaive.
* * * LOW HITPOINT WARNING * * *
The death knight hits you from afar with a +0 glaive!
* * * LOW HITPOINT WARNING * * *
You block the skeletal warrior's attack.
The phantasmal warrior gestures at you.
The phantasmal warrior blinks!
The death knight hits you from afar with a +0 glaive!
* * * LOW HITPOINT WARNING * * *
The skeletal warrior hits you from afar with a +0 halberd!!
You die...

+....# .. #....# ... #....#
..######....#
............######
#..............# ##
+.......(......# ..
#...p.@<.......# ..
#...z..........#### #.. .
#...z.............. ...
...#####.§...W.........### #.
......)................# #.
.......)...............# #.
.......)†..............# #.
.......................# #.
.....$.................######.


You could see a death knight, 2 skeletal warriors and a phantasmal warrior.

Vanquished Creatures
  An ettin (D:12)
  2 hydras (D:13)
  A yaktaur captain (D:12)
  4 boulder beetles
  Erica (D:8)
  4 vault guards (D:13)
  5 centaur warriors
  3 two-headed ogres
  A deep troll earth mage (D:12)
  4 skeletal warriors
  A flayed ghost (D:12)
  A wizard (D:12)
  2 deep elf pyromancers
  An orc knight (D:11)
  8 cyclopes
  7 ugly things
  6 manticores
  Maurice (D:9)
  A guardian serpent (shapeshifter) (D:13)
  Joseph (D:7)
  A gargoyle (D:11)
  Maggie (D:10)
  An unseen horror (shapeshifter) (D:13)
  A kobold demonologist (D:12)
  An unseen horror (D:12)
  A freezing wraith (D:14)
  An efreet (D:12)
  5 trolls
  Grinder (D:4)
  7 slime creatures
  A meliai zombie (D:11)
  Sigmund (D:3)
  2 centaur simulacra
  20 yaks
  A spriggan (D:11)
  2 wraiths
  A basilisk (D:8)
  A vampire mosquito (D:12)
  Edmund (D:4)
  3 acid dragons
  A water moccasin (D:8)
  Duvessa (D:7)
  3 orc warriors
  A sky beast (D:6)
  An ice beast (D:5)
  A black bear (D:6)
  2 necrophages (D:6)
  A tengu (shapeshifter) (D:12)
  3 ogres
  4 centaurs
  2 phantoms (D:6)
  4 kobold brigands
  2 bullfrogs
  2 scorpions
  2 water moccasin skeletons
  Dowan (D:7)
  12 killer bees
  8 electric eels
  5 wights (D:10)
  7 howler monkeys
  A jelly (D:8)
  6 centaur zombies
  3 orc priests
  A bullfrog skeleton (D:6)
  A hound (D:6)
  A centaur skeleton (D:6)
  2 iguanas (D:5)
  9 orc wizards
  Robin (D:3)
  A howler monkey skeleton (D:7)
  3 adders
  3 ufetubi
  A worm (D:4)
  2 dart slugs
  26 orcs
  7 ball pythons
  9 endoplasms
  6 giant cockroaches
  4 goblins
  11 hobgoblins
  3 jackals
  14 kobolds
  4 quokkas
  8 bats
  8 frilled lizards
  5 rats
311 creatures vanquished.

Vanquished Creatures (others)
  3 fungi (D:8)
  13 plants
16 creatures vanquished.

Grand Total: 327 creatures vanquished

Notes
Turn   | Place    | Note
-------+----------+-------------------------------------------
     0 | D:1      | cbfl8 the Minotaur Berserker began the quest for the Orb.
     0 | D:1      | Reached XP level 1. HP: 19/19 MP: 0/0
    97 | D:1      | Reached XP level 2. HP: 21/27 MP: 1/1
   768 | D:1      | Reached skill level 4 in Axes
   768 | D:1      | Reached XP level 3. HP: 33/33 MP: 2/2
   814 | D:1      | Reached ** piety under Trog
  1699 | D:2      | Reached skill level 1 in Evocations
  1699 | D:2      | Reached XP level 4. HP: 41/41 MP: 3/3
  1717 | D:2      | Found a faded altar of an unknown god.
  1840 | D:3      | Noticed Sigmund
  1849 | D:3      | Reached XP level 5. HP: 47/47 MP: 4/4
  1879 | D:3      | Killed Sigmund
  1880 | D:3      | Reached skill level 5 in Fighting
  1880 | D:3      | Reached skill level 5 in Axes
  1880 | D:3      | Reached XP level 6. HP: 20/56 MP: 5/5
  2548 | D:3      | Noticed Robin
  2557 | D:3      | Killed Robin
  2776 | D:4      | Found Beigh's Armour Emporium.
  2835 | D:4      | Found a staircase to the Ecumenical Temple.
  2854 | D:4      | Reached skill level 6 in Axes
  3020 | D:4      | Found Fyity's Antique Weapon Boutique.
  3029 | D:4      | Found Icvedan's Assorted Antiques.
  3120 | D:4      | Found Qaluc's Jewellery Shop.
  3155 | D:4      | Noticed Edmund
  3186 | D:4      | Killed Edmund
  3187 | D:4      | Reached XP level 7. HP: 59/61 MP: 6/6
  3352 | D:4      | Reached skill level 1 in Shields
  3354 | D:4      | Reached skill level 7 in Axes
  3422 | D:4      | Found Doahesu's Antique Weapon Shop.
  3425 | D:4      | Noticed Grinder
  3439 | D:4      | Killed Grinder
  3439 | D:4      | Reached *** piety under Trog
  3607 | D:5      | Entered Level 5 of the Dungeon
  3798 | D:5      | Reached skill level 5 in Armour
  3798 | D:5      | Reached XP level 8. HP: 52/70 MP: 7/7
  3909 | D:5      | Reached skill level 8 in Axes
  4089 | D:5      | Identified the +10 long sword "Catwesch" {vorpal, Contam
                  | rPois Int+2 Dex+6}
  4703 | D:6      | Reached skill level 1 in Stealth
  4737 | D:6      | Noticed a two-headed ogre
  4745 | D:6      | Killed a two-headed ogre
  4746 | D:6      | Reached skill level 9 in Axes
  4746 | D:6      | Reached XP level 9. HP: 78/78 MP: 8/8
  4858 | D:6      | Found a burning altar of Makhleb.
  4909 | D:6      | Identified the +1 pair of gloves of Noagh {rElec Dex+4
                  | Slay+5}
  5192 | D:6      | Noticed a two-headed ogre
  5201 | D:6      | Killed a two-headed ogre
  5202 | D:6      | Reached skill level 10 in Axes
  5781 | D:6      | Found an ancient bone altar of Kikubaaqudgha.
  5786 | D:6      | Found a broken altar of Ashenzari.
  5787 | D:6      | Found a glowing silver altar of Zin.
  5787 | D:6      | Found a hazy altar of Hepliaklqana.
  5787 | D:6      | Found a white marble altar of Elyvilon.
  5787 | D:6      | Found an iron altar of Okawaru.
  5788 | D:6      | Found a bloodstained altar of Trog.
  5790 | D:6      | Found a sacrificial altar of Ru.
  5821 | D:6      | Found a hide-covered altar of Uskayaw.
  6197 | D:7      | Noticed Dowan
  6197 | D:7      | Noticed Duvessa
  6282 | D:8      | Noticed Erica
  6296 | D:8      | Killed Erica
  6297 | D:8      | Reached skill level 5 in Dodging
  6297 | D:8      | Reached skill level 5 in Evocations
  6297 | D:8      | Reached XP level 10. HP: 88/88 MP: 9/9
  6411 | D:8      | Found a snail-covered altar of Cheibriados.
  6449 | D:8      | Found a transporter.
  6782 | D:8      | Found a transporter.
  6805 | D:8      | Found a staircase to the Lair.
  6816 | D:8      | Found Fycveof's Book Shop.
  6820 | D:8      | Found Somannin's Distillery.
  6984 | D:7      | Killed Duvessa
  6985 | D:7      | Reached skill level 11 in Axes
  6991 | D:7      | Killed Dowan
  7471 | D:7      | Found Duw Ibeaff's Weapon Boutique.
  7603 | D:7      | Reached skill level 5 in Shields
  7641 | D:7      | Found an opulent altar of Gozag.
  7641 | D:7      | Noticed Joseph
  7651 | D:7      | Killed Joseph
  7703 | D:7      | Reached **** piety under Trog
  7877 | D:8      | Found a transporter.
  7882 | D:8      | Found a transporter.
  8249 | D:8      | Found Ejuin's Magic Scroll Emporium.
  8254 | D:8      | Bought a scroll of teleportation for 48 gold pieces
  8254 | D:8      | Bought a scroll of blinking for 120 gold pieces
  8254 | D:8      | Bought a scroll of identify for 32 gold pieces
  8255 | D:8      | Bought a scroll of identify for 32 gold pieces
  8255 | D:8      | Bought a scroll of identify for 32 gold pieces
  8305 | D:8      | Found Bomues's General Store.
  8313 | D:8      | Bought a scroll of identify for 22 gold pieces
  8314 | D:8      | Bought a potion of curing for 33 gold pieces
  8340 | D:8      | Found a transporter.
  8345 | D:8      | Found a transporter.
  8669 | D:9      | Reached XP level 11. HP: 80/97 MP: 10/10
  8782 | D:9      | Noticed Maurice
  8788 | D:9      | Killed Maurice
  9090 | D:9      | Reached skill level 12 in Axes
  9185 | D:10     | Entered Level 10 of the Dungeon
  9188 | D:10     | Found Byghael's Assorted Antiques.
  9188 | D:10     | Found Bodur's Antique Armour Shoppe.
  9193 | D:10     | Reached skill level 10 in Fighting
  9202 | D:10     | Noticed Maggie
  9211 | D:10     | Killed Maggie
  9469 | D:10     | Noticed a boulder beetle
  9487 | D:10     | Killed a boulder beetle
  9597 | D:10     | Found Geceyz's Assorted Antiques.
 10105 | D:11     | Noticed a two-headed ogre
 10111 | D:11     | Killed a two-headed ogre
 10112 | D:11     | Reached skill level 13 in Axes
 10383 | D:11     | Found Laoptuw's Armour Emporium.
 10385 | D:11     | Found a staircase to the Orcish Mines.
 10385 | D:11     | Noticed an orc knight
 10386 | D:11     | Found Vokiev Guib's Weapon Emporium.
 10396 | D:11     | Killed an orc knight
 10452 | D:11     | Bought a +2 broad axe of electrocution for 286 gold pieces
 10818 | D:12     | Reached XP level 12. HP: 101/108 MP: 11/11
 11184 | D:12     | Noticed a boulder beetle
 11200 | D:12     | Killed a boulder beetle
 11200 | D:12     | Reached ***** piety under Trog
 11920 | D:12     | Identified the +10 bardiche "Seuj" {vorpal, rC+ rN+} (Trog
                  | gifted it to you on level 12 of the Dungeon)
 11920 | D:12     | Received a gift from Trog
 11929 | D:12     | Reached skill level 14 in Axes
 12053 | D:12     | Noticed a boulder beetle
 12062 | D:12     | Killed a boulder beetle
 12187 | D:12     | Noticed a boulder beetle
 12190 | D:12     | Noticed an ettin
 12198 | D:12     | Noticed a centaur warrior
 12200 | D:12     | Killed an ettin
 12201 | D:12     | Noticed a centaur warrior
 12203 | D:12     | Killed a centaur warrior
 12211 | D:12     | Identified the ring of Maobo {rF- rCorr Str+7 Dex+2}
 12211 | D:12     | Noticed a yaktaur captain
 12915 | D:12     | Killed a yaktaur captain
 13190 | D:12     | Killed a centaur warrior
 13464 | D:12     | Noticed a deep troll earth mage
 13472 | D:12     | Killed a deep troll earth mage
 13473 | D:12     | Reached XP level 13. HP: 83/119 MP: 12/12
 14300 | D:13     | Found a white marble altar of Elyvilon.
 14552 | D:13     | Found a gate to the Vaults.
 14565 | D:13     | Reached skill level 15 in Axes
 15382 | D:14     | Reached skill level 10 in Armour
 15552 | D:14     | Mangled by a skeletal warrior

Illustrated notes

Levels and vault maps discovered:
D:1:      dpeg_arrival_more_subterranean_lakeside_camping, layout_rooms,
          st_stairs_1
D:2:      layout_basic, chequers_ecumenical_altar_twisty
D:3:      layout_basic, uniq_sigmund, uniq_robin
D:4:      layout_loops_ring, minmay_temple_entry_tees, serial_shops,
          nicolae_square_shop, shop, shop, nicolae_square_shop,
          nicolae_stop_n_shop_1, lexackson_kobold_supper, uniq_edmund,
          uniq_grinder
D:5:      layout_loops_ring
D:6:      layout_loops_corners, minitemple, hangedman_decor_diamond_cutter
D:7:      layout_loops_ring, mainiacjoe_overflow_catwalk, serial_shops, shop,
          uniq_duvessa, uniq_joseph
D:8:      cheibrodos_two_vegetables, layout_basic, mainiacjoe_overflow_chevrons,
          dpeg_oklobed_lair, serial_shops, shop, kennysheep_little_box,
          shop_fountains, shop, glass_columns_a, serial_nicolae_subway,
          nicolae_sub_station_metal, nicolae_sub_station_crystal,
          nicolae_sub_station_stone, uniq_erica
D:9:      layout_roguey, uniq_maurice
D:10:     layout_basic, serial_shops, kennysheep_mini_moat, shop,
          nicolae_shop_overgrown_old_shop, uniq_maggie
D:11:     layout_irregular_city, orc_david_3, kennysheep_crisscross, the_hattery
D:12:     lemuel_traditional_vault, layout_gridville
D:13:     layout_loops_ring, lightli_vaults_fourway_checkpoint,
          nicolae_elyvilon_peaceful_grove
D:14:     layout_irregular_city, minmay_misc_feat_secret_circle, pond,
          uniq_nessos

Skill      XL: |  1  2  3  4  5  6  7  8  9 10 11 12 13 |
---------------+----------------------------------------+-----
Fighting       | 4 5 6 8 9 10 12 13 | 13.3
Axes           | 4 5 6 7 9 10 11 13 14 15 | 15.6
Evocations     | 1 2 3 4 5 6 7 8 |  8.4
Armour         | 3 4 5 6 7 8 9 10 | 10.1
Shields        | 1 2 4 5 7 8 9 |  9.4
Dodging        | 3 5 6 7 8 9 |  9.5
Stealth        | 1 3 4 |  4.3

Action                   |  1- 3 |  4- 6 |  7- 9 | 10-12 | 13-15 || total
-------------------------+-------+-------+-------+-------+-------++-------
Melee: Hand axe          |    24 |       |       |       |       ||    24
       Headbutt          |    14 |    21 |    35 |   107 |    34 ||   211
       War axe           |    60 |   110 |   143 |   245 |     5 ||   563
       Broad axe         |       |       |       |   132 |   102 ||   234
Invok: Trog's Hand       |       |     2 |       |     1 |     1 ||     4
       Berserk           |       |     1 |     3 |     2 |     2 ||     8
Evoke: Wand              |       |       |       |     9 |       ||     9
  Use: Scroll            |       |     1 |       |    10 |     6 ||    17
Armor: Animal skin       |    11 |       |       |       |       ||    11
       Chain mail        |    39 |    48 |    59 |       |       ||   146
       Plate armour      |       |       |     1 |   176 |    55 ||   232
Dodge: Dodged            |    63 |    51 |    71 |   224 |    63 ||   472
Block: Buckler           |       |    11 |    20 |   109 |    51 ||   191
